Map: Interloper LE

Players

Winthrowe

  • Race: Protoss Protoss
  • League: Silver
  • Spawn Location: 5:00

PakalDaGreat - Winner!

  • Race: Terran Terran
  • League: Silver
  • Spawn Location: 11:00

VOD

Have the link to the VOD?

Description

Time

  • Played on: Aug. 18, 2017, 8:07 p.m.
  • Length: 7:33
Show
View Real Time Build Order
Export as new Build Order

Winthrowe Protoss 

Build Orders: Double Forge 

Get SALT Encoding   

  12  0:02  Probe (Chrono Boost)  
  13  0:15  Pylon  
  13  0:18  Probe (Chrono Boost)  
  14  0:29  Probe (Chrono Boost)  
  15  0:40  Gateway  
  15  0:43  Assimilator  
  15  0:44  Probe (Chrono Boost)  
  16  0:54  Probe (Chrono Boost)  
  17  1:05  Probe (Chrono Boost)  
  18  1:15  Probe (Chrono Boost)  
  19  1:21  Assimilator  
  19  1:26  Probe (Chrono Boost)  
  20  1:36  Cybernetics Core, Probe (Chrono Boost)  
  21  1:47  Probe (Chrono Boost)  
  22  1:57  Probe (Chrono Boost)  
  23  2:04  Pylon  
  23  2:18  Pylon  
  23  2:22  Zealot, Pylon, Probe (Chrono Boost)  
  26  2:45  Mothership Core (Chrono Boost)  
  26  2:46  Nexus  
  26  2:49  Zealot  
  30  2:57  Forge  
  30  3:02  Forge  
  30  3:18  Robotics Facility  
  30  3:24  Probe (Chrono Boost)  
  31  3:35  Probe (Chrono Boost)  
  32  3:45  Probe (Chrono Boost)  
  32  3:47  Assimilator  
  33  3:49  Assimilator  
  33  3:56  Probe (Chrono Boost)  
  34  4:06  Probe (Chrono Boost)  
  34  4:07  Sentry  
  37  4:14  Protoss Shields Level 1  
  38  4:17  Probe (Chrono Boost)  
  38  4:18  Protoss Ground Armor Level 1  
  38  4:27  Probe (Chrono Boost)  
  38  4:30  Robotics Bay  
  39  4:34  Sentry  
  41  4:44  Probe x2 (Chrono Boost)  
  43  4:54  Probe (Chrono Boost)  
  43  4:55  Probe (Chrono Boost)  
  45  5:00  Sentry  
  45  5:02  Immortal  
  45  5:05  Probe (Chrono Boost)  
  45  5:06  Probe (Chrono Boost)  
  53  5:16  Probe x2 (Chrono Boost)  
  55  5:23  Pylon  
  55  5:26  Pylon, Probe (Chrono Boost)  
  56  5:31  Pylon  
  56  5:42  Observer  
  57  5:44  Stargate  
  57  6:03  Immortal  
  61  6:05  Nexus  
  61  6:08  Assimilator  
  61  6:12  Assimilator  
  61  6:33  Twilight Council  
Show
View Real Time Build Order
Export as new Build Order

PakalDaGreat Terran - Winner!

Build Orders:  

Get SALT Encoding   

  12  0:01  SCV  
  13  0:13  SCV  
  14  0:24  Supply Depot  
  14  0:25  SCV  
  15  0:45  SCV  
  15  0:48  Barracks  
  16  0:57  SCV, Barracks  
  17  1:09  SCV  
  17  1:10  Refinery  
  18  1:11  Refinery  
  18  1:21  SCV  
  19  1:34  SCV  
  19  1:35  Marine  
  19  1:36  Supply Depot  
  21  1:46  SCV  
  22  1:50  Marine  
  23  1:58  Marine, SCV  
  25  2:06  Factory  
  25  2:08  Marine  
  25  2:10  SCV  
  27  2:15  Marine  
  27  2:20  Supply Depot  
  28  2:27  Barracks Tech Lab  
  28  2:29  SCV  
  29  2:33  Marine  
  30  2:42  Orbital Command  
  30  2:58  Marine  
  30  3:02  Barracks Reactor  
  31  3:05  Siege Tank  
  34  3:15  Supply Depot  
  34  3:19  Marine  
  35  3:29  Command Center  
  35  3:31  SCV  
  36  3:42  Factory  
  37  3:51  Barracks Reactor  
  37  3:53  Marine x2  
  37  3:55  SCV  
  39  4:00  Supply Depot  
  39  4:07  Siege Tank, SCV  
  43  4:15  Marine  
  43  4:16  Marine  
  45  4:23  SCV  
  46  4:39  Barracks Reactor  
  46  4:40  SCV  
  46  4:42  Supply Depot  
  47  4:46  Cyclone  
  47  4:47  Cyclone  
  53  4:58  Refinery  
  53  5:04  Marine x2  
  55  5:07  Refinery  
  55  5:12  Orbital Command  
  55  5:25  Siege Tank  
  55  5:26  Marine  
  55  5:27  Marine  
  55  5:28  SCV  
  61  5:39  SCV  
  62  5:44  Cyclone  
  62  5:45  Cyclone  
  62  5:47  Marine  
  69  5:51  SCV  
  70  6:01  Supply Depot  
  70  6:03  Siege Tank  
  70  6:04  Marine x2, SCV  
  76  6:16  Marine x2  
  78  6:24  Cyclone x2  
  84  6:35  Marine x2  
  84  6:38  Supply Depot  
  86  6:53  Siege Tank  
  86  6:57  Marine x2, SCV  
  82  7:09  SCV  
  82  7:11  Marine x2  
  82  7:12  Supply Depot  
Tags
 
Add a new tag
Caveats
  • Supply blocks, unpowered buildings, or Contaminate may cause inaccurate times.
  • Supply counts are checked every 10 seconds.